 Dungeon Crawl Stone Soup version 0.28-a0-695-gff09746 (webtiles) character file.

Game seed: 18258978325698683688

320 NeededCrab the Caller (level 6, 0/52 HPs)
             Began as a Naga Summoner on Oct 22, 2021.
             Was an Initiate of Cheibriados.
             Slain by a nameless horror (3 damage)
             ... created by miscasting Summon Lightning Spire
             ... on level 4 of the Dungeon.
             The game lasted 00:12:28 (3944 turns).

NeededCrab the Caller (Naga Summoner)               Turns: 3944, Time: 00:12:29

Health: 0/52       AC:  3    Str:  9 (11) XL:     6   Next: 46%
Magic:  0/11       EV:  9    Int: 18 (19) God:    Cheibriados [......]
Gold:   59         SH:  0    Dex: 11 (12) Spells: 1/11 levels left

rFire   . . .      SeeInvis +   b - +0 dagger (venom)
rCold   . . .      Faith    .   (no shield)
rNeg    . . .      Spirit   .   a - +0 robe
rPois   +          Reflect  .   (no helmet)
rElec   .          Harm     .   (no cloak)
rCorr   .          Rampage  .   (no gloves)
Will    +....                   (no barding)
Stlth   ++........              (no amulet)
HPRegen 0.17/turn               h - ring of willpower
MPRegen 0.12/turn               (no ring)

@: about to teleport, very slow
A: AC +2, large, see invisible, deformed body, poison resistance, slowness 2,
spit poison 1, naga tail 1
a: Spit Poison, Renounce Religion, Bend Time


You were on level 4 of the Dungeon.
You worshipped Cheibriados.
Cheibriados was noncommittal.
You visited 2 branches of the dungeon, and saw 5 of its levels.

You collected 59 gold pieces.

Inventory:

Hand Weapons
 b - a +0 dagger of venom (weapon)
Armour
 a - a +0 robe (worn)
 i - a +0 chain mail
Magical Staves
 m - a staff of poison
Jewellery
 h - a ring of willpower (left hand)
Scrolls
 c - a scroll of identify {unknown}
 d - 2 scrolls of teleportation
 e - a scroll of blinking {unknown}
 f - a scroll of magic mapping {unknown}
 g - a scroll of immolation {unknown}
 l - a scroll of vulnerability {unknown}


   Skills:
 - Level 2.1 Fighting
 - Level 1.5 Dodging
 - Level 3.0 Stealth
 + Level 3.3 Spellcasting
 * Level 5.9 Summonings
 * Level 2.1 Air Magic
 + Level 0.0 Invocations


You had one spell level left.
You knew the following spells:

 Your Spells              Type           Power      Damage    Failure   Level
a - Summon Small Mammal   Summ           96%        N/A       1%          1
b - Call Imp              Summ           24%        N/A       1%          2
c - Call Canine Familiar  Summ           24%        N/A       4%          3
d - Summon Lightning Spi  Summ/Air       17%        N/A       30%         4

Your spell library contained the following spells:

 Spells                   Type           Power      Damage    Failure   Level
 Summon Guardian Golem    Hex/Summ       13%        N/A       14%         3
 Ensorcelled Hibernation  Hex/Ice        6%         N/A       24%         2
 Spider Form              Tmut/Pois      1%         N/A       43%         3


Dungeon Overview and Level Annotations

Branches:
Dungeon (4/15)             Temple (1/1) D:4

Altars:
Ashenzari
Cheibriados
Dithmenos
Elyvilon
Fedhas
Gozag
Hepliaklqana
Nemelex Xobeh
Okawaru
Qazlal
Sif Muna
Uskayaw
Xom
Yredelemnul
Zin
The Shining One


Innate Abilities, Weirdness & Mutations

Your serpentine skin is tough. (AC +2)
You have supernaturally acute eyesight. (SInv)
Armour fits poorly on your strangely shaped body.
Your system is resistant to poisons. (rPois)
You cover ground very slowly.
You can spit poison.
You have a snake-like lower body.


Message History

You hit the nameless horror but do no damage.
The nameless horror is moderately damaged.
Your quokka bites the nameless horror.
The nameless horror hits you.
You hit the nameless horror but do no damage.
The nameless horror is moderately damaged.
Your quokka bites the nameless horror.
The nameless horror hits you!
Your quokka bites the nameless horror but does no damage.
You hit the nameless horror but do no damage.
The nameless horror is heavily damaged.
The nameless horror hits you.
* * * LOW HITPOINT WARNING * * *
Your quokka bites the nameless horror but does no damage.
You hit the nameless horror but do no damage.
The nameless horror is heavily damaged.
Send 'em back where they came from!
Your quokka disappears in a puff of smoke!
You hit the nameless horror but do no damage.
The nameless horror is heavily damaged.
The nameless horror hits you.
* * * LOW HITPOINT WARNING * * *
You hit the nameless horror but do no damage.
The nameless horror is heavily damaged.
The nameless horror closely misses you.
You hit the nameless horror but do no damage.
The nameless horror is heavily damaged.
The nameless horror misses you.
Press: ? - help, Shift-Dir - straight line, f - nameless horror
Aim: a nameless horror (heavily damaged, durably summoned)
The splash of poison hits the nameless horror.
The nameless horror completely resists.
The nameless horror is heavily damaged.
The nameless horror hits you!
* * * LOW HITPOINT WARNING * * *
You feel your power leaking away.
You aren't carrying any potions.
As you read the scroll of teleportation, it crumbles to dust.
You feel strangely unstable. The nameless horror closely misses you.
You have got your breath back.
The nameless horror hits you.
You die...

.# #.# ####.## #.....#
.. #..####.....# ..
.S..........# #.#####
#.....#
......#######.....######
...............X@.......
.......######......#####
......#######.......|#
..................##.#
......######.....## .#
####.### ####....# .#
.###...########.##.. #
....................
#..#.#.#####...[.#


You could see a nameless horror.

Vanquished Creatures
  A scorpion (D:4)
  A water moccasin skeleton (D:3)
  A jelly (D:3)
  An orc wizard (D:3)
  A gnoll (D:4)
  4 adders
  A dart slug (D:3)
  2 orcs (D:3)
  2 endoplasms
  A giant cockroach (D:3)
  5 goblins
  4 hobgoblins
  A quokka (D:1)
  A ball python (D:3)
  A bat (D:1)
  3 frilled lizards
  3 kobolds
  A rat (D:3)
34 creatures vanquished.

Vanquished Creatures (collateral kills)
  3 adders
  2 gnolls (D:4)
  2 adder skeletons (D:4)
  2 worms
  A dart slug (D:2)
  2 orcs (D:3)
  A ball python (D:1)
  3 endoplasms
  A giant cockroach (D:3)
  3 hobgoblins (D:2)
  2 bats
  3 frilled lizards
  3 goblins
  4 kobolds
  2 rats (D:1)
34 creatures vanquished.

Grand Total: 68 creatures vanquished

Notes
Turn   | Place    | Note
-------+----------+-------------------------------------------
     0 | D:1      | NeededCrab the Naga Summoner began the quest for the Orb.
     0 | D:1      | Reached XP level 1. HP: 15/15 MP: 3/3
    92 | D:1      | Reached XP level 2. HP: 10/24 MP: 0/5
   632 | D:1      | Learned a level 2 spell: Call Imp
   773 | D:1      | Found a faded altar of an unknown god.
  1122 | D:2      | Reached skill level 1 in Fighting
  1165 | D:2      | Reached XP level 3. HP: 31/31 MP: 1/6
  1220 | D:2      | Learned a level 3 spell: Call Canine Familiar
  1865 | D:2      | Reached XP level 4. HP: 38/38 MP: 2/7
  2121 | D:3      | Reached skill level 5 in Summonings
  2121 | D:3      | Reached XP level 5. HP: 17/45 MP: 2/9
  2713 | D:3      | Learned a level 4 spell: Summon Lightning Spire
  2798 | D:3      | Found an opulent altar of Gozag.
  2997 | D:3      | Reached skill level 1 in Air Magic
  3020 | D:3      | Reached XP level 6. HP: 30/52 MP: 1/10
  3319 | D:4      | Found a large runed translucent door.
  3324 | D:4      | Found a large runed translucent door.
  3337 | D:4      | Found a glowing golden altar of the Shining One.
  3348 | D:4      | Found a shimmering altar of Xom.
  3405 | D:4      | HP: 2/52 [poisoned by a gnoll]
  3724 | D:4      | Noticed a black bear
  3802 | D:4      | Found a staircase to the Ecumenical Temple.
  3813 | Temple   | Entered the Ecumenical Temple
  3856 | Temple   | Became a worshipper of Cheibriados the Contemplative
  3920 | D:4      | Noticed a nameless horror
  3944 | D:4      | Slain by a nameless horror

Illustrated notes

Levels and vault maps discovered:
D:1:      denvon_arrival_hothouse, layout_loops_ring,
          shapermc_ecumenical_altar_mp_highgroup
D:2:      layout_rooms, serial_bayou_crossing
D:3:      layout_basic, grunt_gozag_breadcrumbs
D:4:      layout_rooms, jmf_multi_god_temple2, minmay_temple_entry_glassed_door,
          uniq_robin
Temple:   compressed_dpeg_circular_temple

Skill      XL: |  1  2  3  4  5  6 |
---------------+-------------------+-----
Fighting       | 1 2 |  2.1
Summonings     | 5 |  5.9
Spellcasting   | 3 |  3.3
Air Magic      | 1 2 |  2.1
Dodging        | |  1.5
Stealth        | |  3.0

Action                   |  1- 3 |  4- 6 || total
-------------------------+-------+-------++-------
Melee: Unarmed           |    10 |       ||    10
       Dagger            |    15 |    93 ||   108
 Cast: Summon Small Mamm |    36 |     3 ||    39
       Call Imp          |    14 |    13 ||    27
       Call Canine Famil |       |     8 ||     8
 Abil: Spit Poison       |    14 |     6 ||    20
  Use: Scroll            |     1 |     2 ||     3
       Potion            |       |     3 ||     3
 Stab: Sleeping          |     1 |     2 ||     3
       Distracted        |       |     1 ||     1
Armor: Robe              |     1 |    20 ||    21
Dodge: Dodged            |     4 |    56 ||    60

Table legend: (Time is in decaauts)
 A = Elapsed time spent in this place.
 B = Non-inter-level travel time spent in this place.
 C = Inter-level travel time spent in this place.
 D = Time resting spent in this place.
 E = Time spent auto-exploring this place.
 F = Levels seen in this place.
 G = Mean time per level.
                   A        B        C        D        E       F      G
               +--------+--------+--------+--------+--------+-----+--------+
         Total |   4631 |   4520 |    111 |    410 |   3296 |   5 |  926.2 |
       Dungeon |   4554 |   4443 |    111 |    410 |   3254 |   4 | 1138.5 |
        Temple |     77 |     77 |      0 |      0 |     42 |   1 |   77.0 |
               +--------+--------+--------+--------+--------+-----+--------+

Top non-repeatable levels by time:
     D:3: 1490 daAuts
     D:1: 1384 daAuts
     D:2: 966 daAuts
     D:4: 712 daAuts
  Temple: 77 daAuts
